 Dungeon Crawl Stone Soup version 0.30-a0-760-g5a9884bb7c (webtiles) character file.

Game seed: 13930586753412099099

798 boo the Slasher (level 7, -5/63 HPs)
             Began as a Minotaur Fighter on Feb 11, 2023.
             Slain by a gnoll bouda
             ... wielding a +0 club
              (6 damage)
             ... on level 5 of the Dungeon.
             The game lasted 00:05:11 (4154 turns).

boo the Slasher (Minotaur Fighter)                  Turns: 4154, Time: 00:05:12

Health: -5/63      AC: 11    Str: 22    XL:     7   Next: 58%
Magic:  6/6        EV:  9    Int: 11    God:
Gold:   153        SH:  5    Dex: 10    Spells: 6/6 levels left

rFire   . . .      SeeInvis .    a - +0 long sword
rCold   . . .      Faith    .    c - +0 buckler
rNeg    . . .      Spirit   .    b - +0 scale mail
rPois   .          Reflect  .    (helmet restricted)
rElec   .          Harm     .    u - +0 cloak
rCorr   .          Rampage  .    l - +0 pair of gloves
Will    +....                    x - +0 pair of boots Stlth
                                 (no amulet)
HPRegen 0.30/turn                s - ring of willpower
MPRegen 0.10/turn                B - +6 ring of intelligence

@: no status effects
A: horns 2, retaliatory headbutt
a: no special abilities


You were on level 5 of the Dungeon.
You visited 1 branch of the dungeon, and saw 5 of its levels.

You collected 201 gold pieces.
You spent 48 gold pieces at shops.

Inventory:

Hand Weapons
 a - a +0 long sword (weapon)
 F - a +1 rapier of flaming
Armour
 b - a +0 scale mail (worn)
 c - a +0 buckler (worn)
 l - a +0 pair of gloves (worn)
 u - a +0 cloak (worn)
 x - a +0 pair of boots (worn)
Jewellery
 s - a ring of willpower (left hand)
 B - a +6 ring of intelligence (right hand)
Scrolls
 f - 4 scrolls of teleportation
 h - a scroll of silence
 j - a scroll of fog
 m - a scroll of immolation
 o - 2 scrolls of amnesia {unknown}
 p - 3 scrolls of noise {unknown}
 q - 2 scrolls of enchant armour {unknown}
 w - a scroll of torment {unknown}
 y - a scroll of blinking {unknown}
 z - a scroll of poison {unknown}
 A - a scroll of vulnerability {unknown}
 E - a scroll of butterflies {unknown}
Potions
 d - a potion of might
 e - 2 potions of heal wounds
 g - a potion of flight {unknown}
 i - a potion of mutation {unknown}
 k - a potion of curing {unknown}
 n - a potion of ambrosia {unknown}
 r - 3 potions of degeneration {unknown}
 t - a potion of attraction {unknown}
 v - 2 potions of lignification
 C - a potion of cancellation {unknown}
 D - a potion of brilliance {unknown}


   Skills:
 + Level 6.0 Fighting
 * Level 7.2 Long Blades
 + Level 6.0 Armour
 - Level 5.0 Shields


You had 6 spell levels left.
You didn't know any spells.
Your spell library contained the following spells:

 Spells                   Type           Power      Damage    Failure   Level
 Portal Projectile        Hex/Tloc       0%         N/A       97%         3
 Tukima's Dance           Hex            0%         N/A       97%         3
 Vhi's Electric Charge    Tloc/Air       0%         N/A       97%         3
 Arcjolt                  Conj/Air       0%         1d10      100%        5
 Blade Hands              Tmut           0%         N/A       100%        5
 Maxwell's Capacitive Co  Air            0%         ∞         100%        8


Dungeon Overview and Level Annotations

Branches:
Dungeon (5/15)
 Temple: D:4-7

Altars:
Dithmenos
Elyvilon
Kikubaaqudgha
Okawaru

Shops:
D:3 ?   D:5 !

Annotations:
D:4 exclusion: downstairs


Innate Abilities, Weirdness & Mutations

You have a pair of horns on your head.
You reflexively headbutt those who attack you in melee.


Message History

The gnoll hits you from afar with a +0 halberd!
* * * LOW HITPOINT WARNING * * *
The gnoll hits you but does no damage. You block the gnoll bouda's attack.
You are too injured to fight recklessly!
You are too injured to fight recklessly!
You are too injured to fight recklessly!
You hit the gnoll.
The gnoll is heavily wounded.
The gnoll barely misses you. You block the gnoll's attack.
The gnoll bouda hits you but does no damage.
You hit the gnoll.
You headbutt the gnoll, but do no damage.
The gnoll is almost dead.
You block the gnoll's attack.
The gnoll bouda utters an invocation to its god.
The gnoll bouda is healed somewhat.
The gnoll hits you but does no damage.
You hit the gnoll.
You kill the gnoll!
The gnoll hits you from afar with a +0 halberd!
* * * LOW HITPOINT WARNING * * *
The gnoll bouda hits you with a +0 club.
* * * LOW HITPOINT WARNING * * *
The gnoll misses you.
Your Armour skill increases to level 6!
The gnoll bouda prays to its god.
The gnoll bouda is healed somewhat.
The gnoll hits you but does no damage.
Things that are here:
a +0 spear; 13 gold pieces; a gnoll corpse You hit the gnoll but do no damage.
You headbutt the gnoll.
The gnoll is lightly wounded.
The gnoll bouda barely misses you. The gnoll hits you but does no damage.
You barely miss the gnoll.
The gnoll is lightly wounded.
The gnoll bouda closely misses you. The gnoll hits you with a +0 halberd.
* * * LOW HITPOINT WARNING * * *
You barely miss the gnoll.
The gnoll is lightly wounded.
Your attacks no longer feel as feeble.
The gnoll bouda hits you with a +0 club.
You die...

###....# #...........##.....
#...#####.........∩.......
##..............##.......#
#.......#......##..##.#.. ###
#.#.....#.#........##.#.. ..#
#.#........$.............
..#########....#.................
.#..≈≈≈≈≈..###..g.........#....#.
##.≈.....§.# ###@........#..##.##
#.≈.≈≈≈.≈.# #.g.........## .#
#.≈≈...≈≈.# #............ #
#.≈≈._.≈§§# #.......>....##
#.≈≈...§≈§# #........#.....
#.≈.≈≈≈.≈.# #........ #.##
#.≈.....≈.# ####.#... # #.#.
#..≈≈≈≈≈..# .##.. #.#... .#.....


You could see a gnoll bouda and a gnoll (swift).

Vanquished Creatures
  Eustachio (D:5)
  Edmund (D:4)
  A necrophage (D:4)
  4 scorpions
  3 hounds
  Crazy Yiuf (D:2)
  3 gnolls
  2 adders
  2 worms
  2 dart slugs
  An orc (D:5)
  8 endoplasms
  2 giant cockroaches
  6 goblins
  6 hobgoblins
  A quokka (D:1)
  10 ball pythons
  5 bats (D:1)
  3 frilled lizards
  4 kobolds
  3 rats
69 creatures vanquished.

Notes
Turn   | Place    | Note
-------+----------+-------------------------------------------
     0 | D:1      | boo the Minotaur Fighter began the quest for the Orb.
     0 | D:1      | Reached XP level 1. HP: 19/19 MP: 0/0
   269 | D:1      | Reached XP level 2. HP: 27/27 MP: 1/1
   444 | D:1      | Reached skill level 3 in Long Blades
   857 | D:2      | Noticed a scorpion
   862 | D:2      | Killed a scorpion
   863 | D:2      | Reached XP level 3. HP: 22/33 MP: 2/2
   863 | D:2      | Reached XP level 4. HP: 26/40 MP: 3/3
  1032 | D:2      | Reached skill level 4 in Long Blades
  1185 | D:2      | Found a runed translucent door.
  1186 | D:2      | Noticed Crazy Yiuf
  1192 | D:2      | Killed Crazy Yiuf
  1729 | D:3      | Found a white marble altar of Elyvilon.
  1751 | D:3      | Noticed a scorpion
  1760 | D:3      | Killed a scorpion
  1761 | D:3      | Reached XP level 5. HP: 37/47 MP: 4/4
  1909 | D:3      | Found an ancient bone altar of Kikubaaqudgha.
  1945 | D:3      | Found a shadowy altar of Dithmenos.
  2226 | D:3      | Found Qepneid's Magic Scroll Emporium.
  2247 | D:3      | Bought a scroll of identify for 24 gold pieces
  2247 | D:3      | Bought a scroll of identify for 24 gold pieces
  2548 | D:4      | Reached skill level 5 in Long Blades
  2548 | D:4      | Reached XP level 6. HP: 55/55 MP: 5/5
  2866 | D:4      | Reached skill level 5 in Fighting
  2866 | D:4      | Reached skill level 5 in Armour
  2866 | D:4      | Reached skill level 5 in Shields
  3159 | D:4      | Noticed Edmund
  3179 | D:4      | Killed Edmund
  3180 | D:4      | Reached skill level 6 in Long Blades
  3515 | D:5      | Entered Level 5 of the Dungeon
  3696 | D:5      | Reached XP level 7. HP: 57/61 MP: 6/6
  3739 | D:5      | Found an iron altar of Okawaru.
  3790 | D:5      | Found Ofeaqosu's Distillery.
  3815 | D:5      | Noticed Eustachio
  3856 | D:5      | Killed Eustachio
  3857 | D:5      | Reached skill level 7 in Long Blades
  4153 | D:5      | HP: 1/63 [gnoll/+0 halberd[a gnoll bouda] (5)]
  4154 | D:5      | Slain by a gnoll bouda

Illustrated notes

Levels and vault maps discovered:
D:1:      dpeg_arrival_houses_and_road, layout_loops_ring
D:2:      layout_rooms, serial_curves, eino_curves_02, eino_curves_04,
          eino_curves_03, eino_curves_02, uniq_crazy_yiuf_cottage
D:3:      layout_basic, lemuel_round_altar,
          nicolae_dithmenos_through_a_glass_darkly, kiku_gazebo_pond_becter,
          serial_shops, shop_scrolls
D:4:      layout_cave_pods, uniq_edmund
D:5:      layout_rooms, mainiacjoe_overflow_paths, serial_shops,
          nicolae_square_shop, st_stairs_6, roderic_malta_cross,
          kb_lookout_dungeons_type, uniq_eustachio

Skill      XL: |  1  2  3  4  5  6  7 |
---------------+----------------------+-----
Long Blades    | 3 4 5 6 7 |  7.2
Fighting       | 4 5 6 |  6.0
Armour         | 4 5 6 |  6.0
Shields        | 4 5 |  5.0

Action                     |  1- 3 |  4- 6 |  7- 9 || total
---------------------------+-------+-------+-------++-------
  Melee: Long sword        |    60 |    98 |    51 ||   209
         Headbutt          |     7 |    19 |     8 ||    34
    Use: Scroll            |       |     5 |     1 ||     6
 Armour: Scale mail        |    35 |    38 |    48 ||   121
  Dodge: Dodged            |    30 |    39 |    53 ||   122
  Block: Buckler           |    19 |    26 |    28 ||    73

Table legend: (Time is in decaauts)
 A = Elapsed time spent in this place.
 B = Non-inter-level travel time spent in this place.
 C = Inter-level travel time spent in this place.
 D = Time resting spent in this place.
 E = Time spent auto-exploring this place.
 F = Levels seen in this place.
 G = Mean time per level.
                   A        B        C        D        E       F      G
               +--------+--------+--------+--------+--------+-----+--------+
         Total |   4194 |   3887 |    307 |    552 |   2748 |   5 |  838.8 |
       Dungeon |   4194 |   3887 |    307 |    552 |   2748 |   5 |  838.8 |
               +--------+--------+--------+--------+--------+-----+--------+

Top non-repeatable levels by time:
     D:4: 1380 daAuts
     D:3: 951 daAuts
     D:1: 834 daAuts
     D:2: 767 daAuts
     D:5: 260 daAuts
